 Dungeon Sprint DCSS version 0.31.0-12-g77e489cdc1 (webtiles) character file.

Game seed: 10248809630727939992

2545 BigDaddyOpFi the Destroyer (level 9, -4/40 HPs)
             Began as a Felid Conjurer on Feb 29, 2024.
             Was a High Priest of Vehumet.
             Slain by an emperor scorpion (15 damage)
             ... in the Dungeon (Sprint VII: "The Pits").
             The game lasted 00:08:06 (2360 turns).

BigDaddyOpFi the Destroyer (Felid Conjurer)         Turns: 2360, Time: 00:08:07

Health: -4/40      AC:  2    Str:  3    XL:     9   Next: 30%
Magic:  11/21      EV: 28    Int: 26    God:    Vehumet [*****.]
Gold:   0          SH:  0    Dex: 15    Spells: 4/23 levels left
                                        Lives:  0   Deaths: 2

rFire   . .          .
                       - Unarmed
rCold   . . .        (shield unavailable)
rNeg    . . .        (body armour unavailable)
rPois   .            (helmet unavailable)
rElec   .            (cloak unavailable)
rCorr   .            (gloves unavailable)
SInv    +            (boots unavailable)
Will    +....        (no amulet)
Stlth   ++++         f - +3 ring of evasion
HPRegen 0.26/turn    l - +3 ring of evasion
MPRegen 0.17/turn

%: no teleportation
@: no status effects
A: very small, claws 1, fangs 3, see invisible, shaggy fur 2, stealthy paws, no
weapons or thrown items, no armour, multi-lived
a: Renounce Religion


You were in the Dungeon.
You worshipped Vehumet.
Vehumet was extremely pleased with you.
You visited 1 branch

Inventory:

Missiles
 k - 10 stones
Jewellery
 f - a +3 ring of evasion (left paw)
 l - a +3 ring of evasion (right paw)
Scrolls
 h - 2 scrolls of vulnerability
 i - 5 scrolls of amnesia
Potions
 a - 3 potions of magic
 b - 4 potions of curing
 c - 5 potions of heal wounds
 d - 2 potions of haste
 e - 4 potions of berserk rage
 g - 2 potions of invisibility
 m - 2 potions of resistance
 n - a potion of mutation


   Skills:
 - Level 0.3 Fighting
 + Level 9.7 Dodging
 + Level 9.5 Stealth
 - Level 2.1 Unarmed Combat
 + Level 7.6 Spellcasting
 + Level 14.9 Conjurations
 * Level 7.0 Summonings
 - Level 0.4 Alchemy


You had 4 spell levels left.
You knew the following spells:

 Your Spells              Type           Power      Damage    Failure   Level
a - Magic Dart            Conj           100%       1d8       0%          1
b - Searing Ray           Conj           100%       2d8       0%          2
c - Iskenderun's Battles  Conj           73%        2d12      1%          5
d - Fulminant Prism       Conj/Alch      24%        3d12      1%          4
e - Spellforged Servitor  Conj/Summ      30%        N/A       16%         7

Your spell library contained the following spells:

 Spells                   Type           Power      Damage    Failure   Level
 Fireball                 Conj/Fire      24%        3d11      2%          5
 Iskenderun's Mystic Bla  Conj/Tloc      48%        2d11      1%          4


Dungeon Overview and Level Annotations

Branches:
Dungeon (1/1)

Altars:
Ashenzari
Cheibriados
Dithmenos
Elyvilon
Fedhas
Gozag
Hepliaklqana
Kikubaaqudgha
Makhleb
Nemelex Xobeh
Okawaru
Qazlal
Ru
Sif Muna
Trog
Uskayaw
Vehumet
Wu Jian
Xom
Yredelemnul
Zin
The Shining One
Jiyva
Lugonu


Innate Abilities, Weirdness & Mutations

You have sharp claws.
You have razor-sharp teeth.
You have supernaturally acute eyesight. (SInv)
You are covered in thick fur. (AC +2)
Your paws help you pounce on unaware monsters.
You are incapable of wielding weapons or throwing items.
You cannot wear armour.
You gain extra lives every three experience levels.


Message History

You can't memorise that many levels of magic yet!
Okay, then.
Cast which spell? (? or * to list)
Okay, then.
Cast which spell? (? or * to list)
You summon a servant imbued with your destructive magic!
What are your orders? t - Meow!
Orders for allies: a - Attack new target. r - Retreat! s - Stop attacking. g - Guard the area. f - Follow me.
Anything else - Cancel.
Gang up on whom?
Press: ? - help, Dir - move target, f - emperor scorpion
Aim: an emperor scorpion (moderately wounded, ally target) Attack!
The emperor scorpion misses you.
The emperor scorpion completely misses you.
The emperor scorpion claws you.
Casting: Spellforged Servitor (astonishingly dangerous; 16% risk of failure)
Confirm with . or Enter, or press ? or * to list all spells.
Aiming: Searing Ray (safe; 0% risk of failure)
Press: ? - help, Shift-Dir - straight line, f/p - emperor scorpion
Aim: an emperor scorpion (lightly wounded, ally target, 90% to hit)
The searing ray hits the emperor scorpion.
The emperor scorpion is moderately wounded. (Press . to maintain the ray.)
The emperor scorpion stings you! The emperor scorpion barely misses you.
The emperor scorpion closely misses you.
The searing ray hits the emperor scorpion.
The emperor scorpion is moderately wounded.
The emperor scorpion stings you!
* * * LOW HITPOINT WARNING * * *
The emperor scorpion completely misses you.
The emperor scorpion closely misses you.
Unknown command.
The searing ray hits the emperor scorpion.
The emperor scorpion is moderately wounded.
The emperor scorpion stings you!
You die...

#....')))'.##......#..#......#
##########.##................+
#....)...)..'................+
#'#####'#####......#..#......#
#)#.....#..##........†.......#
#.#.....#))#####'#####s'######
#.###'###))##.9.....##''#####
#.#.....#))##...s...##......#
#.#.....#[[##...@...##......#
#.####'##'###...<...###)...##
#)#........##.......# ##†'##
#)#........##.......###....##
#'###########.......##.M÷...#
#)......#..###########......+
#.......#.############......#
#...#...#)#....#..[[###...*##
#..###..#'#....#..[[# ##''##


You could see an emperor scorpion (ally target) and a friendly spellforged
servitor (summoned).

Vanquished Creatures
  Sonja (D)
  A guardian mummy (D)
  A hellwing (D)
  A jumping spider (D)
  Menkaure (D)
  A laughing skull (D)
  A centaur (D)
  An ogre (D)
  A weeping skull (D)
  4 wights (D)
  A quasit (D)
  An orc priest (D)
  A hell rat (D)
  A gnoll (D)
  2 river rats (D)
  An ufetubus (D)
  An adder skeleton (D)
  An orc (D)
  4 ball pythons (D)
  A giant cockroach (D)
  A ball python zombie (D)
  A goblin (D)
  A rat (D)
30 creatures vanquished.

Vanquished Creatures (collateral kills)
  A death yak (D)
1 creature vanquished.

Vanquished Creatures (others)
  A crocodile (D)
  5 fulminant prisms (D)
6 creatures vanquished.

Grand Total: 37 creatures vanquished

Notes
Turn   | Place    | Note
-------+----------+-------------------------------------------
     0 | D        | BigDaddyOpFi the Felid Conjurer began the quest for the
                  | Orb.
     0 | D        | Reached XP level 1. HP: 9/9 MP: 4/4
    17 | D        | Found a bloodstained altar of Trog.
    17 | D        | Found a shimmering blue altar of Sif Muna.
    17 | D        | Found a viscous altar of Jiyva.
    17 | D        | Found a hazy altar of Hepliaklqana.
    17 | D        | Found an opulent altar of Gozag.
    18 | D        | Found a glowing golden altar of the Shining One.
    18 | D        | Found a glowing silver altar of Zin.
    18 | D        | Found a basalt altar of Yredelemnul.
    18 | D        | Found a shimmering altar of Xom.
    18 | D        | Found an ornate altar of the Wu Jian Council.
    18 | D        | Found a sacrificial altar of Ru.
    18 | D        | Found a stormy altar of Qazlal.
    18 | D        | Found an iron altar of Okawaru.
    18 | D        | Found a sparkling altar of Nemelex Xobeh.
    18 | D        | Found a burning altar of Makhleb.
    18 | D        | Found a blossoming altar of Fedhas.
    18 | D        | Found a white marble altar of Elyvilon.
    18 | D        | Found a shadowy altar of Dithmenos.
    18 | D        | Found a snail-covered altar of Cheibriados.
    20 | D        | Found a corrupted altar of Lugonu.
    20 | D        | Found a radiant altar of Vehumet.
    21 | D        | Found an ancient bone altar of Kikubaaqudgha.
    21 | D        | Found a hide-covered altar of Uskayaw.
    21 | D        | Found a broken altar of Ashenzari.
    29 | D        | Became a worshipper of Vehumet
    75 | D        | Reached skill level 4 in Conjurations
    79 | D        | Reached XP level 2. HP: 4/13 MP: 3/6
   131 | D        | Learned a level 2 spell: Searing Ray
   233 | D        | Reached * piety under Vehumet
   233 | D        | Offered knowledge of Freeze by Vehumet.
   235 | D        | Reached skill level 5 in Conjurations
   454 | D        | Offered knowledge of Foxfire by Vehumet.
   454 | D        | Reached ** piety under Vehumet
   461 | D        | Reached skill level 6 in Conjurations
   461 | D        | Reached XP level 3. HP: 16/16 MP: 1/8
   716 | D        | Noticed a wight
   716 | D        | Noticed a wight
   730 | D        | Killed a wight
   730 | D        | Offered knowledge of Inner Flame by Vehumet.
   731 | D        | Reached skill level 7 in Conjurations
   731 | D        | Reached XP level 4. HP: 21/21 MP: 5/9
   731 | D        | Gained a life (2 lives remaining)
   957 | D        | Noticed an ogre
   957 | D        | Noticed a centaur
   965 | D        | Noticed Menkaure
   972 | D        | Killed a centaur
   972 | D        | Reached *** piety under Vehumet
   973 | D        | Reached skill level 9 in Conjurations
   973 | D        | Reached XP level 5. HP: 8/24 MP: 6/11
   976 | D        | Killed an ogre
   976 | D        | Offered knowledge of Airstrike by Vehumet.
   977 | D        | Reached skill level 5 in Dodging
   977 | D        | Reached skill level 1 in Unarmed Combat
   977 | D        | Reached skill level 10 in Conjurations
   979 | D        | Reached **** piety under Vehumet
   980 | D        | Reached skill level 5 in Stealth
   980 | D        | Reached skill level 11 in Conjurations
   980 | D        | Gained mutation: You are covered in thick fur. (AC +2)
                  | [Felid growth]
   980 | D        | Reached XP level 6. HP: 8/28 MP: 3/13
   980 | D        | Killed Menkaure
   981 | D        | Reached skill level 5 in Spellcasting
   981 | D        | Reached skill level 12 in Conjurations
  1170 | D        | Offered knowledge of Iskenderun's Battlesphere by Vehumet.
  1185 | D        | Learned a level 5 spell: Iskenderun's Battlesphere
  1192 | D        | Reached XP level 7. HP: 32/32 MP: 9/15
  1193 | D        | Noticed a hellwing
  1212 | D        | Killed a hellwing
  1212 | D        | Reached ***** piety under Vehumet
  1213 | D        | Reached skill level 13 in Conjurations
  1505 | D        | Learned a level 4 spell: Fulminant Prism
  1517 | D        | Offered knowledge of Spellforged Servitor by Vehumet.
  1817 | D        | Noticed a jumping spider
  1827 | D        | Reached skill level 14 in Conjurations
  1827 | D        | Killed a jumping spider
  1828 | D        | Reached XP level 8. HP: 8/37 MP: 7/18
  2087 | D        | Learned a level 7 spell: Spellforged Servitor
  2148 | D        | Noticed Sonja
  2148 | D        | Noticed a death yak
  2165 | D        | Killed a death yak
  2175 | D        | Killed Sonja
  2175 | D        | Offered knowledge of Fireball by Vehumet.
  2176 | D        | Reached XP level 9. HP: 38/40 MP: 20/20
  2326 | D        | Noticed a guardian mummy
  2326 | D        | Noticed an emperor scorpion
  2340 | D        | Killed by an exploding fulminant prism
  2340 | D        | Lost a life (1 life remaining)
  2343 | D        | Killed a guardian mummy
  2349 | D        | Mangled by an emperor scorpion
  2349 | D        | Lost a life (0 lives remaining)
  2360 | D        | Slain by an emperor scorpion

Illustrated notes

Levels and vault maps discovered:
D:        pitsprint [storerooms_1, entrance_room_1, metal_vault_2, armoury_1,
          mini_pit_1, grid_room_1, main_hall_1, silver_pit, the_coven_1,
          the_vestibule_1, steel_vault_2, golden_pit, hallway_of_sentries,
          crystal_vault_1, iron_vault_3, final_vault]

Skill      XL: |  1  2  3  4  5  6  7  8  9 |
---------------+----------------------------+-----
Dodging        | 3 4 5 7 9 |  9.7
Conjurations   | 4 6 7 9 11 12 14 | 14.9
Stealth        | 3 4 5 6 9 |  9.5
Spellcasting   | 3 4 5 6 7 |  7.6
Unarmed Combat | 1 2 |  2.1
Summonings     | 6 7 |  7.0
Fighting       | |  0.3
Alchemy        | |  0.4

Action                     |  1- 3 |  4- 6 |  7- 9 || total
---------------------------+-------+-------+-------++-------
  Melee: Unarmed           |     7 |     3 |     6 ||    16
         Bite              |     1 |     1 |       ||     2
   Cast: Magic Dart        |     5 |     2 |     1 ||     8
         Searing Ray       |     5 |     9 |    23 ||    37
         Iskenderun's Batt |       |     1 |     3 ||     4
         Fulminant Prism   |       |       |     5 ||     5
         Spellforged Servi |       |       |     2 ||     2
    Use: Potion            |     1 |     3 |     6 ||    10
         Scroll            |       |       |     2 ||     2
 Armour: Skin              |     4 |     8 |    34 ||    46
  Dodge: Dodged            |    12 |    14 |    77 ||   103
